 Dungeon Crawl Stone Soup version 0.32-a0-329-ge6c31236d6 (webtiles) character file.

Game seed: 13620164116316935068

7 Bravepunisher the Ducker (level 1, 0/11 HPs)
             Began as a Spriggan Monk on Feb 16, 2024.
             Slain by a vampire bat (2 damage)
             ... on level 4 of the Dungeon.
             The game lasted 00:02:37 (382 turns).

Bravepunisher the Ducker (Spriggan Monk)             Turns: 382, Time: 00:02:38

Health: 0/11       AC:  2    Str:  7    XL:     1   Next: 83%
Magic:  2/2        EV: 19    Int: 11    God:
Gold:   33         SH:  0    Dex: 17    Spells: 0/0 levels left

rFire   . . .        a - +0 short sword
rCold   . . .        (no shield)
rNeg    . . .        b - +0 robe
rPois   .            (helmet restricted)
rElec   .            (no cloak)
rCorr   .            (gloves unavailable)
SInv    +            (boots unavailable)
Will    .....        (no amulet)
Stlth   ++           (no ring)
HPRegen 0.21/turn    (no ring)
MPRegen 0.08/turn

%: no passive effects
@: very quick
A: very small, no large weapons, unfitting armour, see invisible, speed 3
a: no special abilities


You were on level 4 of the Dungeon.
You visited 1 branch of the dungeon, and saw 4 of its levels.

You collected 33 gold pieces.

Inventory:

Hand Weapons
 a - a +0 short sword (weapon)
Armour
 b - a +0 robe (worn)
Scrolls
 d - a scroll of revelation {unknown}


   Skills:
 + Level 2.5 Fighting
 - Level 3.2 Short Blades
 * Level 4.4 Dodging


You couldn't memorise any spells.
You didn't know any spells.
Your spell library was empty.

Dungeon Overview and Level Annotations

Branches:
Dungeon (4/15)
 Temple: D:4-7

Altars:
Kikubaaqudgha

Annotations:
D:4 Sigmund


Innate Abilities, Weirdness & Mutations

You are very small and have problems with some larger weapons.
You are too small for most types of armour.
You have supernaturally acute eyesight. (SInv)
You cover ground extremely quickly. (Speed+++)


Message History

The bat zombie attacks as it pursues you!
The bat zombie closely misses you. The vampire bat bites you.
The vampire bat draws strength from your injuries!
The bat zombie hits you.
* * * LOW HITPOINT WARNING * * *
The vampire bat bites you but does no damage.
The bat zombie attacks as it pursues you!
The bat zombie barely misses you. The bat zombie closely misses you.
The bat zombie barely misses you. The bat zombie completely misses you.
There is an open gate here.
The vampire bat misses you.
The bat zombie hits you but does no damage.
The bat zombie misses you.
The bat zombie attacks as it pursues you!
The bat zombie closely misses you. x2
The bat zombie completely misses you.
The bat zombie attacks as it pursues you!
The bat zombie barely misses you. The bat zombie completely misses you.
The bat zombie attacks as it pursues you!
The bat zombie closely misses you. The bat zombie hits you.
* * * LOW HITPOINT WARNING * * *
The bat zombie hits you.
* * * LOW HITPOINT WARNING * * *
The bat zombie attacks as it pursues you!
The bat zombie barely misses you. The bat skeleton misses you.
The bat zombie misses you. The bat skeleton closely misses you.
The bat zombie completely misses you.
The bat skeleton attacks as it pursues you!
The bat skeleton hits you but does no damage.
The bat skeleton completely misses you. The vampire bat bites you.
* * * LOW HITPOINT WARNING * * *
The vampire bat draws strength from your injuries!
The bat zombie closely misses you.
The bat zombie attacks as it pursues you!
The bat zombie closely misses you. x2
The vampire bat bites you.
You die...

#.<........# #
#..........#### ####
#.............# #...
#.............# #.##
#.##..........####.#
##.##..........##...#
#..##.........###.###
#.###..bZ.....##..#
####.##.@ZZ.........##
#........b.........##
.##....###....Z[.....#
.........##.....b.....#
.....?.S..#...........#
##........##..........#
#......h.##..........#
#.......<#....####..###
#...########### ##.#


You could see 3 vampire bats, a bat zombie and 3 bat skeletons.

Vanquished Creatures
  A ball python (D:2)
  A goblin (D:4)
  A frilled lizard (D:1)
  A rat (D:1)
4 creatures vanquished.

Notes
Turn   | Place    | Note
-------+----------+-------------------------------------------
     0 | D:1      | Bravepunisher the Spriggan Monk began the quest for the
                  | Orb.
     0 | D:1      | Reached XP level 1. HP: 11/11 MP: 2/2
   154 | D:4      | Noticed a hound
   161 | D:4      | Noticed Sigmund
   288 | D:4      | Noticed a hound
   336 | D:4      | Found an ancient bone altar of Kikubaaqudgha.
   336 | D:4      | Noticed a vampire bat
   336 | D:4      | Noticed a vampire bat
   337 | D:4      | Noticed a vampire bat
   382 | D:4      | Slain by a vampire bat

Illustrated notes

Levels and vault maps discovered:
D:1:      dpeg_arrival_arbitrary_b, layout_basic
D:2:      layout_basic, minmay_snake_closets
D:3:      layout_loops_ring, lemuel_tele_altar, serial_shops, shop_coins,
          serial_bayou_crossing
D:4:      layout_rooms, kennysheep_vampire_church, lightli_sewer_entry_pipes,
          corexii_hall_statues_deadend, chequers_decorated_corner,
          serial_library_hellmonk_layered_room, uniq_crazy_yiuf_cottage,
          uniq_blork_the_orc, uniq_sigmund

Action                     || total
---------------------------++-------
  Melee: Short sword       ||    12
    Use: Potion            ||     2
   Stab: Sleeping          ||     1
 Armour: Robe              ||    38
  Dodge: Dodged            ||   108

Table legend: (Time is in decaauts)
 A = Elapsed time spent in this place.
 B = Non-inter-level travel time spent in this place.
 C = Inter-level travel time spent in this place.
 D = Time resting spent in this place.
 E = Time spent auto-exploring this place.
 F = Levels seen in this place.
 G = Mean time per level.
                   A        B        C        D        E       F      G
               +--------+--------+--------+--------+--------+-----+--------+
         Total |    227 |    227 |      0 |      5 |     34 |   4 |   56.8 |
       Dungeon |    227 |    227 |      0 |      5 |     34 |   4 |   56.8 |
               +--------+--------+--------+--------+--------+-----+--------+

Top non-repeatable levels by time:
     D:4: 128 daAuts
     D:1: 34 daAuts
     D:3: 33 daAuts
     D:2: 31 daAuts
